 Dungeon Crawl Stone Soup version 0.29-a0-23-ga79f92ac9c (webtiles) character file.

Game seed: 6020248139417067900

49 HallandMoats the Skirmisher (level 3, 33/33 HPs)
             Began as a Ghoul Monk on Jan 31, 2022.
             Was a Believer of Trog.
             Safely got out of the dungeon.
             The game lasted 00:01:30 (1166 turns).

HallandMoats the Skirmisher (Ghoul Monk)            Turns: 1166, Time: 00:01:31

Health: 33/33      AC:  2    Str: 14    XL:     3   Next: 75%
Magic:  2/2        EV: 12    Int:  5    God:    Trog [**....]
Gold:   49         SH:  0    Dex: 13    Spells: 2/2 levels left

rFire   . . .      SeeInvis .     - Unarmed
rCold   + . .      Faith    .   (no shield)
rNeg    + + +      Spirit   .   a - +0 robe
rPois   ∞          Reflect  .   (no helmet)
rElec   .          Harm     .   (no cloak)
rCorr   .          Rampage  .   (no gloves)
Will    .....                   (no boots)
Stlth   ++........              (no amulet)
HPRegen 0.11/turn               e - ring of flight
MPRegen 0.08/turn               (no ring)

@: flying
A: claws 1, cold resistance 1, negative energy resistance 3, inhibited
regeneration, torment resistance 2
a: Renounce Religion, Trog's Hand


You escaped.
You worshipped Trog.
Trog was pleased with you.
You visited 1 branch of the dungeon, and saw 1 of its levels.

You collected 49 gold pieces.

Inventory:

Armour
 a - a +0 robe (worn)
Jewellery
 e - a ring of flight (left claw)
Scrolls
 b - a scroll of torment {unknown}
 c - 2 scrolls of noise {unknown}
 d - a scroll of identify {unknown}
 f - a scroll of teleportation {unknown}
 g - a scroll of enchant weapon {unknown}
Potions
 h - a potion of lignification {unknown}


   Skills:
 * Level 4.0 Fighting
 + Level 1.1 Armour
 + Level 2.9 Dodging
 - Level 2.1 Stealth
 * Level 3.9 Unarmed Combat


You had 2 spell levels left.
You didn't know any spells.
Your spell library was empty.

Dungeon Overview and Level Annotations

Branches:
Dungeon (1/15)

Altars:
Trog


Innate Abilities, Weirdness & Mutations

You thrive by killing the living.
You are immune to poison.
You have sharp fingernails.
Your flesh is cold resistant. (rC+)
You are immune to negative energy. (rN+++)
You do not regenerate when monsters are visible.
You are immune to unholy pain and torment.


Message History

No target in view!
No target in view!
No target in view!
No target in view!
No target in view!
No target in view!
No target in view!
No target in view!
No target in view!
No target in view!
No target in view!
No target in view!
No target in view!
No target in view!
No target in view!
No target in view!
No target in view!
No target in view!
Things that are here:
a jackal corpse; a jackal corpse You now have 49 gold pieces (gained 7).
You see here a jackal corpse.
You see here 23 arrows.
Done exploring.
Done exploring.
Done exploring.
Done exploring.
Done exploring.
Search for what [? for help]? armor
There is a faded altar of an unknown god here.
You cannot tell which god this altar belongs to.
Convert to them anyway?
Trog accepts your prayer! Trog welcomes you!
You can now call upon Trog for regeneration and willpower.
(D) Dungeon
Where to? (Enter - D:1 @ (x,y), ? - help)
What level of the Dungeon? (default 1, ? - help)
There is a staircase leading out of the dungeon here.
Are you sure you want to leave the Dungeon?
This will make you lose the game!
You have escaped!

......##.###.##..# #.........
......#..#######.## ###.........
..[...#....####...####..........#
..)....#.....#..≈..#.....#......#
....##.#8..≈....≈....≈..8#......#
...###.##...≈..≈≈≈..≈...##.......
.....#.#.....≈≈≈≈≈≈≈.....#.......
...#.#.....≈≈≈≈...≈≈≈≈..).......#
##.#.#...≈≈≈≈≈..@..≈≈≈≈≈.........
#...#.....≈≈≈≈...≈≈≈≈...........
#.....#.....≈≈≈≈≈≈≈.....#.....).
##....##...≈..≈≈≈..≈...##.......
#....#8..≈....≈....≈..8#.......
#.#÷.#.....#..≈..#.....#.......
###...#....####...####...........
#........### ##.## ###.........
#.......## #.# ###.......


There were no monsters in sight!

Vanquished Creatures
  A gnoll (D:1)
  2 bats (D:1)
  An endoplasm (D:1)
  3 giant cockroaches (D:1)
  2 goblins (D:1)
  2 hobgoblins (D:1)
  11 jackals (D:1)
  A quokka (D:1)
  2 ball pythons (D:1)
  A frilled lizard (D:1)
  3 kobolds (D:1)
  5 rats (D:1)
34 creatures vanquished.

Notes
Turn   | Place    | Note
-------+----------+-------------------------------------------
     0 | D:1      | HallandMoats the Ghoul Monk began the quest for the Orb.
     0 | D:1      | Reached XP level 1. HP: 19/19 MP: 0/0
   154 | D:1      | Reached XP level 2. HP: 24/26 MP: 1/1
   449 | D:1      | Reached XP level 3. HP: 27/33 MP: 2/2
   712 | D:1      | Reached skill level 1 in Armour
   969 | D:1      | Found a faded altar of an unknown god.
  1045 | D:1      | Reached skill level 4 in Fighting
  1145 | D:1      | Prayed at the altar of an unknown god.
  1145 | D:1      | Became a worshipper of Trog the Wrathful
  1145 | D:1      | Reached * piety under Trog
  1145 | D:1      | Reached ** piety under Trog
  1166 | D:$      | Safely got out of the dungeon.

Illustrated notes

Levels and vault maps discovered:
D:1:      eino_arrival_water_star, layout_rooms,
          shapermc_ecumenical_altar_acropolis

Skill      XL: |  1  2  3 |
---------------+----------+-----
Armour         | 1 |  1.1
Fighting       | 4 |  4.0
Dodging        | |  2.9
Stealth        | |  2.1
Unarmed Combat | |  3.9

Action                   || total
-------------------------++-------
Melee: Unarmed           ||   113
       Punch             ||     3
 Stab: Sleeping          ||     2
Armor: Robe              ||    19
Dodge: Dodged            ||    84

Table legend: (Time is in decaauts)
 A = Elapsed time spent in this place.
 B = Non-inter-level travel time spent in this place.
 C = Inter-level travel time spent in this place.
 D = Time resting spent in this place.
 E = Time spent auto-exploring this place.
 F = Levels seen in this place.
 G = Mean time per level.
                   A        B        C        D        E       F      G
               +--------+--------+--------+--------+--------+-----+--------+
         Total |   1158 |   1119 |     39 |      0 |    887 |   1 | 1158.0 |
       Dungeon |   1158 |   1119 |     39 |      0 |    887 |   1 | 1158.0 |
               +--------+--------+--------+--------+--------+-----+--------+

Top non-repeatable levels by time:
     D:1: 1158 daAuts
